MrWarthog, neutral female human Valkyrie ---------- |......<.| .....%...| |- ---|--- |.....@0I |......@.. ---------- MrWarthog the Fighter Experience level: 6 Strength: 18/04 Dexterity: 11 Constitution: 17 Intelligence: 9 Wisdom: 8 Charisma: 9 Health: 0(43) Energy: 17(17) AC: -5 Gold: 1351 Moves: 2569 Your Inventory: Coins $ - 1351 gold pieces Amulets w - an [uncursed] hexagonal amulet [of life saving] Weapons a - a blessed +1 long sword (weapon in hand) b - an uncursed +0 dagger h - 6 [uncursed] poisoned [+0] darts (in quiver) q - a [blessed +0] dagger Armor c - an uncursed +3 small shield (being worn) e - an [uncursed] +0 Hawaiian shirt (being worn) g - a [blessed] +1 pair of jumping boots (being worn) m - a [blessed] +0 cloak of protection (being worn) r - an [uncursed] +2 orcish helm (being worn) t - an [uncursed] +0 ring mail (being worn) Comestibles d - 2 uncursed food rations f - an [uncursed] slime mold E - an [uncursed] tin [of plains centaur meat] Scrolls i - an [uncursed] scroll labeled FNORD [of destroy armor] k - an [uncursed] scroll labeled TEMOV [of create monster] p - an [uncursed] scroll labeled THARR [of scare monster] u - an [uncursed] scroll labeled PHOL ENDE WODAN [of magic mapping] x - an [uncursed] scroll labeled NR 9 [of remove curse] Potions y - an [uncursed] black potion [of sickness] B - an [uncursed] clear potion [of water] C - an [uncursed] potion of extra healing D - an [uncursed] smoky potion [of booze] Wands n - an [uncursed] wand of create monster [0:10] z - an [uncursed] wand of light [0:14] Tools l - an uncursed oil lamp (0:1407) Gems o - an [uncursed] yellow gem [worthless glass] v - an [uncursed] white gem [worthless glass] Spells known in the end: Name Level Category Fail Memory Your skills at the end: Fighting Skills Weapon Skills dagger [Basic / Expert] long sword [Basic / Expert] Spellcasting Skills Final Attributes: You were piously aligned. Hunger level was 456. Your alignment was 22 / 22. Monster difficulty range was 1 - 7. Level difficulty was 9. You were immune to cold. You resisted poison. You were stealthy. You could jump. Your luck was zero. You are dead. Vanquished creatures: a small mimic a stone giant 2 ettin zombies a quivering blob a leprechaun a dog a dingo a snake an orc shaman a rock piercer a fog cloud a yellow light a shrieker a kobold mummy a wax golem 2 giant ants a homunculus a rabid rat a giant bat 2 dwarf zombies a werejackal a large kobold 2 hobgoblins a giant rat 2 geckos 4 jackals 2 foxes 2 kobolds a goblin 6 grid bugs a bat a kobold zombie 7 newts 54 creatures vanquished. Voluntary challenges: You were an atheist. You used a wielded weapon 85 times. You read items or engraved 4 times. You put on armor 7 times. You never genocided any monsters. You never polymorphed an object. You never changed form. You used no wishes. You wrote Elbereth's name 1 time. You never encountered a bones level. You never used any Sokoban shortcuts. Dungeon overview: The Dungeons of Doom: levels 1 to 9 Level 1 a long staircase Level 2 an armor shop, some fountains a long staircase Level 3 some fountains Level 4 a weapon shop Level 5 a fountain Level 9 <- You were here History has recorded: On T:1 you entered the Dungeons of Doom to retrieve the Amulet of Yendor! On T:32 you reached level 2 of The Dungeons of Doom. On T:333 you advanced to experience level 2. On T:440 you advanced to experience level 3. On T:602 you reached level 3 of The Dungeons of Doom. On T:625 you advanced to experience level 4. On T:837 you reached level 4 of The Dungeons of Doom. On T:926 you advanced to experience level 5. On T:1535 you reached level 5 of The Dungeons of Doom. On T:1641 you reached level 6 of The Dungeons of Doom. On T:1731 you advanced to experience level 6. On T:2137 you reached level 7 of The Dungeons of Doom. On T:2343 you advanced to experience level 7. On T:2428 you reached level 8 of The Dungeons of Doom. On T:2548 you reached level 9 of The Dungeons of Doom. Latest messages: You hit the stone giant! You miss the stone giant. [HP+1=27] You miss the stone giant. The stone giant misses. You miss the stone giant. You hit the stone giant! The stone giant misses. You miss the stone giant. (2x) The stone giant hits! [HP-8=19] You kill the stone giant! [HP+1=20] You hear a monster behind the boulder. Perhaps that's why you cannot move it. You hit the Woodland-elf! (2x) The Woodland-elf thrusts his elven short sword. The Woodland-elf misses. You hit the Woodland-elf! The Woodland-elf thrusts his elven short sword. The runed short sword drains your life! Farvel level 7. You feel slow! You die... Final status: Farvel MrWarthog the Valkyrie... You died in The Dungeons of Doom on dungeon level 9 with 4398 points, and 1351 pieces of gold, after 2569 moves. You were level 6 with a maximum of 43 hit points when you died.